 Dungeon Crawl Stone Soup version 0.29-a0-887-gcbe080d7e0 (webtiles) character file.

Game seed: 2846652121753850789

3745 wingedge the Grave Robber (level 9, -9/67 HPs)
             Began as a Mummy Necromancer on July 20, 2022.
             Was a Believer of Sif Muna.
             Mangled by a wight
             ... wielding a +0 scimitar
              (15 damage)
             ... on level 8 of the Dungeon on July 21, 2022.
             The game lasted 01:25:31 (8917 turns).

wingedge the Grave Robber (Mummy Necromancer)       Turns: 8917, Time: 01:25:32

Health: -9/67      AC:  6    Str: 13    XL:     9   Next: 93%
Magic:  4/18       EV: 12    Int: 26    God:    Sif Muna [**....]
Gold:   468        SH:  7    Dex: 13    Spells: 2/20 levels left

rFire   x . .      SeeInvis +   c - +2 scimitar (flame)
rCold   + . .      Faith    .   h - +3 buckler of Claustrophobia {Int+4}
rNeg    + + +      Spirit   .   p - +1 steam dragon scales
rPois   ∞          Reflect  .   (no helmet)
rElec   .          Harm     .   (no cloak)
rCorr   .          Rampage  .   (no gloves)
Will    +....                   (no boots)
Stlth   ++........              (no amulet)
HPRegen 0.21/turn               f - +6 ring of intelligence
MPRegen 0.16/turn               j - ring of see invisible

@: about to teleport, animating dead
A: cold resistance 1, negative energy resistance 3, torment resistance 2, heat
vulnerability 1, in touch with death 1, no potions
a: Renounce Religion, Channel Magic


You were on level 8 of the Dungeon.
You worshipped Sif Muna.
Sif Muna was pleased with you.
You visited 2 branches of the dungeon, and saw 9 of its levels.
You also visited: Sewer.

You collected 468 gold pieces.

Inventory:

Hand Weapons
 c - a +2 scimitar of flaming (weapon)
 l - a +0 short sword of venom
 q - a +0 flail of protection
 t - a +2 vampiric dagger
Missiles
 u - a throwing net
 z - 4 poisoned darts
 B - 5 boomerangs
Armour
 h - the +3 buckler of Claustrophobia (worn) {Int+4}
   (You acquired it on level 3 of the Dungeon)

   Int:       It affects your intelligence (+4).
 p - +1 steam dragon scales (worn)
 x - an orb of guile
Jewellery
 f - a +6 ring of intelligence (left hand)
 i - an amulet of guardian spirit
 j - a ring of see invisible (right hand)
 v - a ring of flight
Wands
 o - a wand of paralysis (4)
 A - a wand of roots (9)
Scrolls
 a - a scroll of silence
 d - a scroll of magic mapping
 g - 2 scrolls of fog {unknown}
 k - 3 scrolls of poison
 n - a scroll of amnesia {unknown}
 r - 2 scrolls of immolation
 s - 4 scrolls of fear {unknown}
 w - a scroll of enchant weapon {unknown}
 y - a scroll of vulnerability {unknown}


   Skills:
 + Level 4.9 Fighting
 - Level 2.2(2.4) Short Blades
 + Level 1.3(2.0) Long Blades
 - Level 2.0 Maces & Flails
 + Level 1.8 Armour
 - Level 2.4 Dodging
 - Level 2.0 Stealth
 - Level 2.2 Shields
 + Level 6.4 Spellcasting
 * Level 5.0 Conjurations
 * Level 5.3 Hexes
 + Level 6.4 Necromancy
 + Level 2.1 Invocations


You had 2 spell levels left.
You knew the following spells:

 Your Spells              Type           Power      Damage    Failure   Level
a - Necrotise             Necr           100%       1d9       1%          1
b - Vampiric Draining     Necr           58%        2d10      1%          3
c - Slow                  Hex            100%       N/A       1%          1
d - Searing Ray           Conj           68%        2d6       1%          2
e - Animate Dead          Necr           58%        N/A       6%          4
f - Fulminant Prism       Conj/Hex       17%        3d11      11%         4
g - Confusing Touch       Hex            36%        N/A       3%          3

Your spell library contained the following spells:

 Spells                   Type           Power      Damage    Failure   Level
 Magic Dart               Conj           100%       1d8       1%          1
 Agony                    Necr           58%        N/A       17%         5


Dungeon Overview and Level Annotations

Branches:
Dungeon (8/15)             Temple (1/1) D:4           Sewer (visited)
   Lair: D:8-11

Altars:
Ashenzari
Cheibriados
Gozag
Hepliaklqana
Kikubaaqudgha
Makhleb
Nemelex Xobeh
Okawaru
Qazlal
Ru
Sif Muna
Trog
Uskayaw
Vehumet
Wu Jian
Xom
Yredelemnul


Innate Abilities, Weirdness & Mutations

You are immune to poison.
Your flesh is cold resistant. (rC+)
You are immune to negative energy. (rN+++)
You are immune to unholy pain and torment.
You are vulnerable to heat. (rF-)
You are in touch with the powers of death.
You do not drink.


Message History

The wight is severely damaged.
The searing ray hits the wight!
The wight is severely damaged.
The wight misses you.
Your sky beast zombie hits the wight.
The searing ray hits the wight.
You destroy the wight!
Sif Muna accepts your kill. The wight hits you with a +3 scimitar!
The wight hits you with a +0 scimitar.
Your Conjurations skill increases to level 5!
The searing ray hits the wight.
You destroy the wight!
Sif Muna accepts your kill.
You finish channelling your searing ray.
Your sky beast zombie hits the wight but does no damage.
The wight closely misses you. The wight hits you but does no damage.
Press: ? - help, v - describe, . - travel
Here: a wight, wielding a +3 scimitar and wearing a +0 robe (heavily damaged)
The floor.
Unknown command.
You barely miss the wight.
The wight is heavily damaged.
Your sky beast zombie closely misses the wight.
The wight barely misses you. The wight hits you with a +3 scimitar!
* * * LOW HITPOINT WARNING * * *
Okay, then.
Okay, then.
Aiming: Paralyse
Press: ? - help, Shift-Dir - straight line, f - wight
Aim: a wight, wielding a +3 scimitar and wearing a +0 robe (heavily damaged, chance to affect: 49%)
The wight resists with some effort.
The wight barely misses you.
Your sky beast zombie hits the wight.
The wight hits you with a +3 scimitar.
* * * LOW HITPOINT WARNING * * *
As you read the scroll labelled JICOWA QIR YHA, it crumbles to dust.
You feel strangely unstable.
It was a scroll of teleportation.
The wight hits you with a +0 scimitar!
* * * LOW HITPOINT WARNING * * *
The wight completely misses you.
Your sky beast zombie hits the wight.
As you read the scroll of summoning, it crumbles to dust.
Wisps of shadow whirl around you... The wight hits you with a +0 scimitar!
You die...

.......#
#......
##YY...## #
#...Y...### ###
##.#....Y....
...
....>..YYZ># ..
#.#o.ozzo####.#
#....o@)...<..#
###.###########


You could see 2 wights, 6 friendly yaks, a friendly orc warrior (summoned), a
friendly orc wizard (summoned, wandering), 2 friendly orcs and a friendly sky
beast zombie.

Vanquished Creatures
  Maggie (D:6)
  Prince Ribbit (D:5)
  Sigmund (D:2)
  A steam dragon (D:8)
  2 water moccasins
  An orc warrior (D:7)
  An ice beast (D:5)
  2 sky beasts
  2 black bears
  An ogre (D:6)
  2 centaurs
  A phantom (D:5)
  2 kobold brigands
  3 bullfrogs (D:7)
  A gnoll sergeant (D:5)
  A scorpion (D:6)
  7 wights
  2 hounds
  2 jellies
  5 orc priests
  2 gnoll boudas (D:6)
  6 iguanas
  3 orc wizards
  20 gnolls
  8 adders
  A river rat (D:6)
  2 shadow imps
  3 white imps
  2 worms
  2 dart slugs
  21 orcs
  6 ball pythons
  5 bats
  2 endoplasms
  8 giant cockroaches
  3 goblins
  12 hobgoblins
  12 jackals
  16 kobolds
  4 quokkas
  2 frilled lizards
  3 rats (D:6)
182 creatures vanquished.

Vanquished Creatures (collateral kills)
  A black bear (D:6)
  A jelly (D:7)
  A gnoll (D:5)
  A shadow imp (D:8)
  An orc (D:7)
  A giant cockroach (D:6)
  A goblin (D:4)
  A hobgoblin (D:3)
  2 rats (D:1)
10 creatures vanquished.

Vanquished Creatures (others)
  2 bullfrog zombies (D:7)
  A centaur zombie (D:7)
  A steam dragon zombie (D:8)
  3 orc zombies (D:7)
  A fulminant prism (D:7)
8 creatures vanquished.

Grand Total: 200 creatures vanquished

Notes
Turn   | Place    | Note
-------+----------+-------------------------------------------
     0 | D:1      | wingedge the Mummy Necromancer began the quest for the Orb.
     0 | D:1      | Reached XP level 1. HP: 13/13 MP: 4/4
    85 | D:1      | Reached XP level 2. HP: 17/20 MP: 2/5
    91 | D:1      | Reached skill level 1 in Fighting
   601 | D:1      | Gained mutation: You are in touch with the powers of death.
                  | [Mummy growth]
   601 | D:1      | Reached XP level 3. HP: 26/26 MP: 2/7
  1089 | D:2      | Learned a level 3 spell: Vampiric Draining
  1091 | D:2      | Learned a level 1 spell: Slow
  1246 | D:2      | Found a faded altar of an unknown god.
  1269 | D:2      | Noticed Sigmund
  1281 | D:2      | Killed Sigmund
  1282 | D:2      | Reached skill level 1 in Hexes
  1282 | D:2      | Reached XP level 4. HP: 35/35 MP: 5/9
  1282 | D:2      | Reached XP level 5. HP: 41/41 MP: 5/10
  1332 | D:2      | Identified a scroll of acquirement
  1333 | D:2      | Acquired a +6 ring of intelligence
  1859 | D:3      | Acquired the +3 buckler of Claustrophobia {Int+4}
  2059 | D:3      | Reached XP level 6. HP: 47/47 MP: 7/11
  2614 | D:3      | Found an iron altar of Okawaru.
  2673 | D:4      | Learned a level 2 spell: Searing Ray
  3028 | D:4      | Reached skill level 1 in Conjurations
  3459 | D:4      | Found a staircase to the Ecumenical Temple.
  3587 | Temple   | Entered the Ecumenical Temple
  3633 | Temple   | Became a worshipper of Sif Muna the Loreminder
  3805 | D:5      | Entered Level 5 of the Dungeon
  3829 | D:5      | Reached skill level 5 in Necromancy
  3919 | D:5      | Noticed Prince Ribbit
  3951 | D:5      | Killed Prince Ribbit
  3952 | D:5      | Reached skill level 1 in Short Blades
  3952 | D:5      | Reached XP level 7. HP: 52/52 MP: 1/13
  4585 | D:5      | Found a hide-covered altar of Uskayaw.
  5249 | D:5      | Reached skill level 5 in Spellcasting
  5249 | D:5      | Reached XP level 8. HP: 53/58 MP: 11/15
  5440 | D:5      | Found a sacrificial altar of Ru.
  5538 | D:5      | Reached skill level 1 in Shields
  5857 | D:6      | Reached * piety under Sif Muna
  5936 | D:6      | Noticed Maggie
  5957 | D:6      | Killed Maggie
  5973 | D:6      | Reached skill level 1 in Maces & Flails
  5984 | D:6      | Reached skill level 1 in Armour
  6053 | D:6      | Found a glowing drain.
  6066 | Sewer    | Entered a sewer
  6589 | D:6      | Found a burning altar of Makhleb.
  6672 | D:6      | Reached ** piety under Sif Muna
  6728 | D:6      | Reached XP level 9. HP: 55/65 MP: 14/17
  6824 | D:6      | Reached skill level 1 in Invocations
  7665 | D:6      | Learned a level 4 spell: Animate Dead
  7670 | D:6      | Learned a level 4 spell: Fulminant Prism
  7674 | D:6      | Learned a level 3 spell: Confusing Touch
  7686 | D:7      | Upgraded the game from 0.29-a0-885-gb26ba3297d to
                  | 0.29-a0-887-gcbe080d7e0
  7769 | D:7      | Found a radiant altar of Vehumet.
  7932 | D:7      | Reached skill level 5 in Hexes
  8096 | D:7      | Found a sparkling altar of Nemelex Xobeh.
  8295 | D:7      | Reached skill level 1 in Long Blades
  8913 | D:8      | Reached skill level 5 in Conjurations
  8917 | D:8      | Mangled by a wight

Illustrated notes

Levels and vault maps discovered:
D:1:      mushboom_english_gardens, layout_basic
D:2:      minmay_kobold_bridge, layout_rooms, ebering_ecumenical_altar_hall,
          st_stairs_7, uniq_sigmund
D:3:      layout_basic, mainiacjoe_overflow_alcove_4
D:4:      layout_loops_ring, temple_pool_b
D:5:      layout_layer_cave, general_overflow_altar, kennysheep_mini,
          uniq_prince_ribbit1
D:6:      wad_river_or_something, layout_loops_ring,
          mainiacjoe_overflow_chevrons, portal_sewer_entry_e, hex_medium,
          uniq_maggie
D:7:      minmay_general_purpose_star, layout_layer_cave,
          nemelex_xobeh_ov_fountains_minmay, vehumet_crystals
D:8:      layout_loops_ring, fedhas_altar_fruit_tree
Temple:   zaba_magenta_temple

Skill      XL: |  1  2  3  4  5  6  7  8  9 |
---------------+----------------------------+-----
Fighting       | 1 3 4 |  4.9
Spellcasting   | 3 4 5 6 |  6.4
Dodging        | 2 |  2.4
Hexes          | 1 2 3 4 5 |  5.3
Stealth        | 2 |  2.0
Conjurations   | 2 4 5 |  5.0
Necromancy     | 5 6 |  6.4
Short Blades   | 1 2 |  2.2
Shields        | 1 2 |  2.2
Maces & Flails | 1 2 |  2.0
Armour         | 1 |  1.8
Invocations    | 2 |  2.1
Long Blades    | 1 |  1.3

Action                   |  1- 3 |  4- 6 |  7- 9 || total
-------------------------+-------+-------+-------++-------
Melee: Unarmed           |     1 |       |       ||     1
       Dagger            |       |    16 |    50 ||    66
       Short sword       |       |    11 |     1 ||    12
       Flail             |       |       |   207 ||   207
       Scimitar          |       |       |    13 ||    13
 Fire: Sling             |    22 |     1 |       ||    23
Throw: Throwing net      |       |       |     2 ||     2
 Cast: Necrotise         |    54 |    62 |    34 ||   150
       Slow              |     2 |    10 |    20 ||    32
       Vampiric Draining |       |    18 |    58 ||    76
       Searing Ray       |       |     9 |    22 ||    31
       Animate Dead      |       |       |     5 ||     5
       Confusing Touch   |       |       |     1 ||     1
       Fulminant Prism   |       |       |     1 ||     1
Evoke: Wand              |       |       |     2 ||     2
  Use: Scroll            |     1 |     7 |     8 ||    16
 Stab: Sleeping          |       |       |     3 ||     3
       Paralysed         |       |       |     2 ||     2
       Held in net/web   |       |       |     1 ||     1
       Distracted        |       |       |     1 ||     1
Armor: Robe              |       |     4 |       ||     4
       Steam dragon scal |       |       |    92 ||    92
       Leather armour    |       |       |    17 ||    17
Dodge: Dodged            |     7 |    23 |   191 ||   221
Block: Buckler           |       |    16 |   136 ||   152

Table legend: (Time is in decaauts)
 A = Elapsed time spent in this place.
 B = Non-inter-level travel time spent in this place.
 C = Inter-level travel time spent in this place.
 D = Time resting spent in this place.
 E = Time spent auto-exploring this place.
 F = Levels seen in this place.
 G = Mean time per level.
                   A        B        C        D        E       F      G
               +--------+--------+--------+--------+--------+-----+--------+
         Total |   9009 |   8016 |    993 |   2529 |    161 |  10 |  900.9 |
       Dungeon |   8686 |   7693 |    993 |   2440 |    161 |   8 | 1085.8 |
        Temple |     63 |     63 |      0 |      0 |      0 |   1 |   63.0 |
         Sewer |    259 |    259 |      0 |     89 |      0 |   1 |  259.0 |
               +--------+--------+--------+--------+--------+-----+--------+

Top non-repeatable levels by time:
     D:5: 1893 daAuts
     D:6: 1582 daAuts
     D:4: 1297 daAuts
     D:7: 1217 daAuts
     D:1: 1065 daAuts
     D:3: 895 daAuts
     D:2: 703 daAuts
   Sewer: 259 daAuts
  Temple: 63 daAuts
     D:8: 30 daAuts
